 Dungeon Crawl Stone Soup version 0.27-a0-1154-gfdeffcb720 (webtiles) character file.

Game seed: 11415212165739056090

1178 robertstho the Magician (level 8, -6/56 HPs)
             Began as a Djinni Fire Elementalist on May 14, 2021.
             Was an Initiate of Gozag.
             Mangled by an ogre
             ... wielding a +0 giant club
              (24 damage)
             ... on level 6 of the Dungeon.
             The game lasted 00:07:42 (6395 turns).

robertstho the Magician (Djinni Fire Elementalist)  Turns: 6395, Time: 00:07:43

Health: -6/56      AC:  2    Str:  7    XL:     8   Next: 69%
Gold:   337        EV: 12    Int: 26    God:    Gozag SH:  0 Dex: 13

rFire    + + .     SeeInvis .   c - +0 hand axe
rCold    x . .     Faith    .   (no shield)
rNeg     . . .     Spirit   .   a - +0 robe
rPois    ∞         Reflect  .   (no helmet)
rElec    .         Harm     .   (no cloak)
rCorr    .         Rampage  .   (no gloves)
Will     +....                  (boots unavailable)
Stlth    ++........             (no amulet)
HPRegen  0.18/turn              h - ring of willpower
MPRegen  0.00/turn              j - +6 ring of intelligence

@: flying
A: sickness immunity, fire resistance 2, cold vulnerability 1, float, innate
caster, hp casting, extra vitality 1
a: Renounce Religion, Potion Petition, Call Merchant, Bribe Branch


You were on level 6 of the Dungeon.
You worshipped Gozag.
Gozag was aware of your devotion.
You visited 2 branches of the dungeon, and saw 7 of its levels.

You collected 377 gold pieces.
You paid 40 gold pieces to Gozag.

Inventory:

Hand Weapons
 c - a +0 hand axe (weapon)
Armour
 a - a +0 robe (worn)
Magical Staves
 b - a staff of fire
Jewellery
 h - a ring of willpower (left hand)
 j - a +6 ring of intelligence (right hand)
Wands
 i - a wand of digging (7)
 l - a wand of paralysis (7)
 p - a wand of polymorph (5)
 r - a wand of mindburst (18)
Scrolls
 m - 2 scrolls of blinking {unknown}
 n - a scroll of fear {unknown}
 o - a scroll of immolation
 s - a scroll of noise {unknown}
 t - a scroll of fog {unknown}
Potions
 d - a potion of cancellation
 e - a potion of attraction {unknown}
 f - a potion of berserk rage
 k - a potion of lignification
 q - a potion of magic {unknown}
 u - a potion of haste {unknown}
 v - a potion of ambrosia {unknown}
 w - a potion of heal wounds {unknown}


   Skills:
 * Level 3.2 Fighting
 + Level 2.6 Dodging
 + Level 2.2 Stealth
 * Level 7.2 Spellcasting


You couldn't memorise any spells.
You knew the following spells:

 Your Spells              Type           Power      Damage    Failure   Level
a - Foxfire               Conj/Fire      100%       2x1d9     1%          1
b - Conjure Flame         Conj/Fire      47%        6-21      1%          3
c - Inner Flame           Hex/Fire       47%        N/A       1%          3
d - Sticky Flame          Conj/Fire      47%        2d6       3%          4
e - Fireball              Conj/Fire      23%        3d11      9%          5
f - Freeze                Ice            100%       1d11      1%          1
g - Corpse Rot            Necr/Air       N/A        N/A       1%          2
h - Swiftness             Air            47%        N/A       1%          3
Your spell library was empty.

Dungeon Overview and Level Annotations

Branches:
Dungeon (6/15)             Temple (1/1) D:4

Altars:
Cheibriados
Gozag
Kikubaaqudgha
Nemelex Xobeh
Okawaru
Qazlal
Trog
Vehumet
Zin


Innate Abilities, Weirdness & Mutations

You are immune to sickness and miasma.
You are immune to poison.
Your flesh is very heat resistant. (rF++)
You are vulnerable to cold. (rC-)
You float through the air rather than walking.
You learn spells naturally, not from books.
Your magical power is your life essence.
You have superior vitality. (+4 HP)


Message History

Unknown command.
Casting: Foxfire (safe; 1% risk of failure)
Press: ? - help, Q - select action, (/) - cycle Dir - look around, f - activate You conjure some foxfire!
The foxfire hits the phantom but does no damage.
The phantom is lightly damaged.
The phantom hits you.
Casting: Foxfire (safe; 1% risk of failure)
Press: ? - help, Q - select action, (/) - cycle Dir - look around, f - activate You conjure some foxfire!
The foxfire hits the phantom.
The phantom is lightly damaged.
The foxfire hits the phantom.
The phantom is moderately damaged.
The foxfire hits the phantom.
The phantom is heavily damaged.
The phantom hits you!
Okay, then.
As you read the scroll of teleportation, it crumbles to dust.
You feel strangely unstable.
The foxfire hits the phantom but does no damage.
The phantom is heavily damaged.
The phantom misses you.
Unknown command.
Your surroundings suddenly seem different.
Found four items.
An ogre comes into view. It is wielding a +0 giant club.
There is an open door here.
You see here a staff of fire.
b - a staff of fire
As you read the scroll of teleportation, it crumbles to dust.
You feel strangely unstable.
As you close the door, it creaks loudly!
You start resting.
Something unseen opens the door.
It was a potion of cancellation.
You feel strangely stable.
You feel magically purged.
The ogre hits you with a +0 giant club!!
You die...
Your body crumbles into a pile of gold.

### $ $ .#?
..## .'#
...## #..
....# #.#
....o#
#.#####
.>....
#.#...#
......
..##'##.(.#
....#.
#'.....O##..#
...##
.#.....#@#
... ..##
#).#..### #
### ..# #.# $
# #. ##


You could see an ogre.

Vanquished Creatures
  5 ogres
  2 bullfrogs
  A water moccasin skeleton (D:4)
  2 howler monkeys (D:5)
  A bullfrog zombie (D:5)
  A bullfrog skeleton (D:6)
  2 hounds (D:5)
  An orc priest (D:4)
  2 centaur skeletons (D:5)
  An orc wizard (D:4)
  2 hound zombies (D:5)
  A hound skeleton (D:4)
  10 adders
  A howler monkey skeleton (D:6)
  An ufetubus (D:5)
  A worm (D:2)
  3 dart slugs
  10 orcs
  5 bats
  11 endoplasms
  5 giant cockroaches
  5 goblins
  7 hobgoblins
  15 jackals
  6 kobolds
  2 quokkas (D:1)
  6 ball pythons
  3 frilled lizards
  10 rats
122 creatures vanquished.

Vanquished Creatures (others)
  593 foxfires
593 creatures vanquished.

Grand Total: 715 creatures vanquished

Notes
Turn   | Place    | Note
-------+----------+-------------------------------------------
     0 | D:1      | robertstho the Djinni Fire Elementalist began the quest for
                  | the Orb.
     0 | D:1      | Reached XP level 1. HP: 15/15 MP: 0/0
   402 | D:1      | Reached XP level 2. HP: 19/22 MP: 0/0
   781 | D:1      | Reached skill level 3 in Spellcasting
   865 | D:1      | Reached XP level 3. HP: 25/26 MP: 0/0
   865 | D:1      | Learned a level 1 spell: Freeze
  1439 | D:1      | Reached skill level 1 in Fighting
  2154 | D:2      | Reached XP level 4. HP: 27/32 MP: 0/0
  2745 | D:2      | Found a faded altar of an unknown god.
  3111 | D:3      | Reached XP level 5. HP: 31/37 MP: 0/0
  3111 | D:3      | Learned a level 2 spell: Corpse Rot
  3183 | D:3      | Found a sparkling altar of Nemelex Xobeh.
  3328 | D:3      | Noticed an ogre
  3338 | D:3      | Killed an ogre
  3339 | D:3      | Reached skill level 4 in Spellcasting
  3339 | D:3      | Reached XP level 6. HP: 38/43 MP: 0/0
  4664 | D:4      | Found a staircase to the Ecumenical Temple.
  4720 | Temple   | Entered the Ecumenical Temple
  4725 | Temple   | Became a worshipper of Gozag Ym Sagoz the Greedy
  4867 | D:4      | Reached skill level 5 in Spellcasting
  4867 | D:4      | Reached XP level 7. HP: 26/49 MP: 0/0
  4867 | D:4      | Learned a level 3 spell: Swiftness
  5303 | D:5      | Entered Level 5 of the Dungeon
  5384 | D:5      | Reached skill level 6 in Spellcasting
  5392 | D:5      | Reached XP level 8. HP: 22/55 MP: 0/0
  6159 | D:6      | Identified the +8 hand axe of Big Damage {drain, Drain rF+
                  | Int+8}
  6160 | D:6      | Reached skill level 7 in Spellcasting
  6395 | D:6      | Mangled by an ogre

Illustrated notes

Levels and vault maps discovered:
D:1:      psy_arrival_whirlpool, layout_basic, amcnicky_mini_pool_small
D:2:      layout_rooms, hellmonk_ecumenical_altar_slurped_away
D:3:      minmay_razor_zed, layout_rooms, nicolae_overflow_crystal_walls
D:4:      layout_basic, minmay_temple_entry_large_hall
D:5:      layout_basic, chequers_serial_rivers_room_a
D:6:      layout_loops_ring, makhleb_heckhound_becter, serial_shops, shop,
          nicolae_shop_behind_doors, kennysheep_mini, kennysheep_mini_moat,
          shop, minmay_fractal_squares_diagonal_5, uniq_maggie
Temple:   cyrus_circular_temple

Skill      XL: |  1  2  3  4  5  6  7  8 |
---------------+-------------------------+-----
Spellcasting   | 3 4 5 6 7 |  7.2
Fighting       | 1 2 3 |  3.2
Stealth        | 2 |  2.2
Dodging        | |  2.6

Action                   |  1- 3 |  4- 6 |  7- 9 || total
-------------------------+-------+-------+-------++-------
Melee: Hand axe          |       |       |    14 ||    14
 Cast: Foxfire           |    99 |   191 |    77 ||   367
       Sticky Flame      |       |       |     6 ||     6
  Use: Scroll            |       |     3 |     5 ||     8
       Potion            |       |       |     4 ||     4
Armor: Robe              |     3 |     6 |     2 ||    11
Dodge: Dodged            |    10 |     5 |    29 ||    44

Table legend: (Time is in decaauts)
 A = Elapsed time spent in this place.
 B = Non-inter-level travel time spent in this place.
 C = Inter-level travel time spent in this place.
 D = Time resting spent in this place.
 E = Time spent auto-exploring this place.
 F = Levels seen in this place.
 G = Mean time per level.
                   A        B        C        D        E       F      G
               +--------+--------+--------+--------+--------+-----+--------+
         Total |   6402 |   6274 |    128 |    200 |   5320 |   7 |  914.6 |
       Dungeon |   6391 |   6269 |    122 |    200 |   5320 |   6 | 1065.2 |
        Temple |     10 |      5 |      5 |      0 |      0 |   1 |   10.0 |
               +--------+--------+--------+--------+--------+-----+--------+

Top non-repeatable levels by time:
     D:1: 2013 daAuts
     D:4: 1123 daAuts
     D:2: 1081 daAuts
     D:3: 1071 daAuts
     D:5: 841 daAuts
     D:6: 259 daAuts
  Temple: 10 daAuts
